 Dungeon Crawl Stone Soup version 0.23-a0-61-g4bf3f6c (webtiles) character file.

182 Mgcat the Sneak (level 5, -9/38 HPs)
             Began as a Merfolk Assassin on Aug 9, 2018.
             Mangled by an orc warrior
             ... wielding a +0 hand axe
              (16 damage)
             ... on level 4 of the Dungeon.
             The game lasted 00:08:25 (3142 turns).

Mgcat the Sneak (Merfolk Assassin)                  Turns: 3142, Time: 00:08:26

Health: -9/38      AC:  3    Str: 11    XL:     5   Next: 62%
Magic:  5/5        EV: 12    Int: 10    God:
Gold:   163        SH:  0    Dex: 17    Spells: 4/4 levels left

rFire    . . .     SeeInvis +   a - +2 dagger
rCold    . . .     Gourm    .   (no shield)
rNeg     + . .     Faith    .   c - +0 robe
rPois    .         Spirit   .   (no helmet)
rElec    .         Reflect  .   d - +0 cloak
rCorr    .         Harm     .   (no gloves)
MR       .....                  (no boots)
Stlth    ++++......             (no amulet)
HPRegen  0.12/turn              f - ring of positive energy {rN+}
MPRegen  0.09/turn              k - ring of see invisible {sInv, !d}

@: flying
A: change form in water, swift swim, stealthy swim
a: no special abilities


You were on level 4 of the Dungeon.
You were near starving.

You visited 1 branch of the dungeon, and saw 4 of its levels.

You collected 163 gold pieces.

Inventory:

Hand Weapons
 a - a +2 dagger (weapon)
 b - a +0 blowgun
Missiles
 e - 19 poisoned needles
Armour
 c - a +0 robe (worn)
 d - a +0 cloak (worn)
Jewellery
 f - a ring of positive energy (left hand) {rN+}
   (You found it on level 3 of the Dungeon)
 h - an uncursed ring of flight {+Fly, !d}
   (You found it on level 1 of the Dungeon)
 k - a ring of see invisible (right hand) {sInv, !d}
   (You found it on level 1 of the Dungeon)
Scrolls
 i - a scroll of remove curse
 m - a scroll of fog {unknown}
 o - a scroll of identify {unknown}
 q - a scroll of noise {unknown}
 r - a scroll of teleportation {unknown}
Potions
 n - a potion of haste {unknown}
 p - a potion of brilliance {unknown}
Comestibles
 g - 9 rations


   Skills:
 - Level 2.1 Fighting
 + Level 2.7 Short Blades
 - Level 2.0 Throwing
 - Level 1.3 Dodging
 + Level 7.7 Stealth


You had 4 spell levels left.
You didn't know any spells.
Your spell library was empty.

Dungeon Overview and Level Annotations

Branches:
Dungeon (4/15)
 Temple: D:4-7

Altars:

Annotations:
D:4 exclusion: orc, Menkaure


Message History

You're wearing all the rings you can.
Remove which one? (? for menu, Esc to cancel) < or
h - a ring of flight {+Fly, !d} > or
k - a ring of see invisible {sInv, !d} You remove your ring of flight {+Fly, !d}.
f - a ring of positive energy (left hand)
i - a scroll of remove curse You are near starving!
Unknown command.
There is a stone staircase leading down here.
You climb downwards.
There is a stone staircase leading up here.
Welcome back, Mgcat the Merfolk Assassin.
Press ? for a list of commands and other information.
You open the door.
There is an open door here.
Marking area around Menkaure as unsafe for travelling.
Menkaure and a skeleton come into view.
Unknown command.
Unknown command.
Unknown command.
Unknown command.
Unknown command.
There is an open door here.
There is an open door here. 2 orcs come into view.
Unknown command.
Unknown command.
There is an open door here.
You open the door.
There is an open door here.
You open the door.
An orc comes into view. It is wielding a trident.
An orc comes into view. It is wielding a hand axe.
There is an open door here.
An orc and an orc warrior come into view.
The orc shouts! x3
Found a stone staircase leading up.
There is an open door here.
You aren't carrying any items that you can evoke.
You aren't carrying any items that you can evoke.
You aren't carrying any items that you can evoke.
You hit the orc.
The orc is severely wounded.
The orc hits you but does no damage.
You closely miss the orc.
The orc is severely wounded.
The orc misses you.
You hit the orc.
You kill the orc!
You hit the orc.
The orc is severely wounded.
The orc hits you with a hand axe.
You closely miss the orc.
The orc is severely wounded.
b - a +0 blowgun (weapon)
Firing (i - inventory)
e - 23 poisoned needles (quivered)
Press: ? - help, Shift-Dir - straight line, f - orc warrior
Aim: an orc warrior, wielding a hand axe and wearing a plate armour You shoot a poisoned needle.
The poisoned needle hits the orc warrior.
The orc warrior is poisoned.
Firing (i - inventory)
e - 22 poisoned needles (quivered)
Press: ? - help, Shift-Dir - straight line, f/p - orc warrior
Aim: an orc warrior, wielding a hand axe and wearing a plate armour (lightly wounded, poisoned)
You shoot a poisoned needle.
The poisoned needle barely misses the orc warrior.
The poisoned needle hits the orc.
The orc is poisoned.
The orc is severely wounded.
The orc warrior closely misses you.
Firing (i - inventory)
e - 21 poisoned needles (quivered)
Press: ? - help, Shift-Dir - straight line, f - orc, p - orc warrior
Aim: an orc You shoot a poisoned needle.
The poisoned needle hits the orc warrior.
The orc warrior looks even sicker.
The orc warrior is lightly wounded.
The orc warrior barely misses you.
Firing (i - inventory)
e - 20 poisoned needles (quivered)
Press: ? - help, Shift-Dir - straight line, f/p - orc
Aim: an orc You shoot a poisoned needle.
The poisoned needle hits the orc warrior.
The orc warrior is lightly wounded.
The orc warrior hits you with a hand axe!!
Ouch! That really hurt!
a - a +2 dagger (weapon)
You hit the orc warrior but do no damage.
The orc warrior is moderately wounded.
The orc warrior hits you with a hand axe!
* * * LOW HITPOINT WARNING * * *
You kill the orc!
The orc warrior looks more healthy.
Okay, then.
There is a stone staircase leading up here.
It was a potion of flight.
You feel very buoyant.
You fly up into the air.
The orc warrior hits you with a hand axe!
You die...

...............#
....########...#...
......# #...#..#
#'###.# #...#..#
#.# #o# #...#..#
#.# #(# #...#..#
#.# #)# #...#..#
#.# #.# #..o#..#
#.# #.# #...o@.#
#.###.#############
#............
#####'#######
#.....o...#
+.........+
#.........#
...+...........
###.#.....#####


You could see an orc warrior and an orc.

Vanquished Creatures
  3 gnolls (D:3)
  7 adders
  2 worms (D:2)
  A dart slug (D:2)
  2 leopard geckos
  5 orcs
  A giant cockroach (D:3)
  11 goblins
  12 hobgoblins
  3 jackals
  6 bats
  7 frilled lizards
  9 kobolds
  7 rats
76 creatures vanquished.

Notes
Turn   | Place    | Note
-------+----------+-------------------------------------------
     0 | D:1      | Mgcat the Merfolk Assassin began the quest for the Orb.
     0 | D:1      | Reached XP level 1. HP: 16/16 MP: 1/1
   343 | D:1      | Reached skill level 5 in Stealth
   343 | D:1      | Reached XP level 2. HP: 21/22 MP: 2/2
   775 | D:2      | Reached XP level 3. HP: 27/27 MP: 3/3
   986 | D:2      | Reached skill level 6 in Stealth
  1134 | D:2      | Reached XP level 4. HP: 31/33 MP: 4/4
  1900 | D:3      | Noticed a phantom
  1936 | D:2      | Reached skill level 7 in Stealth
  2016 | D:3      | Reached XP level 5. HP: 38/38 MP: 5/5
  2120 | D:3      | HP: 9/38 [phantom (8)]
  2441 | D:2      | HP: 7/38 [hobgoblin (3)]
  2446 | D:2      | HP: 5/38 [hobgoblin (2)]
  3019 | D:4      | Noticed Menkaure
  3096 | D:4      | Noticed an orc warrior
  3121 | D:4      | HP: 4/38 [orc warrior/hand axe (14)]
  3142 | D:4      | Mangled by an orc warrior

Vault maps used:
D:1:      dpeg_arrival_central, lemuel_another_geyser
D:2:      cheibrodos_greedy_goblins
D:3:      old_standard_altar, minmay_vboxes
D:4:      first_ration, uniq_menkaure, uniq_pikel

Skill      XL: |  1  2  3  4 |
---------------+-------------+-----
Stealth        | 5 6 7 |  7.7
Fighting       | |  2.1
Short Blades   | |  2.7
Throwing       | |  2.0
Dodging        | |  1.3

Action                   |  1- 3 |  4- 6 || total
-------------------------+-------+-------++-------
Melee: Dagger            |    79 |   148 ||   227
 Fire: Blowgun           |       |    14 ||    14
  Use: Scroll            |       |     1 ||     1
       Potion            |       |     1 ||     1
 Stab: Sleeping          |    14 |     5 ||    19
  Eat: Chunk             |     1 |     4 ||     5
Armor: Robe              |    20 |    27 ||    47
Dodge: Dodged            |    33 |    79 ||   112

Table legend:
 A = Non-vault XP
 B = Vault XP
 C = Vault XP percentage of total XP
 D = Non-vault monster count
 E = Vault monster count
 F = Vault count percentage of total count
 G = Total turns spent on level
                 A         B        C        D         E       F
            +---------+---------+-------+---------+---------+-------
      Total |     215 |      46 |  17.6 |      58 |      18 |  23.7
            +---------+---------+-------+---------+---------+-------
        D:1 |      25 |       2 |   7.4 |      17 |       1 |   5.6
        D:2 |     113 |      20 |  15.0 |      28 |      10 |  26.3
        D:3 |      71 |      24 |  25.3 |      11 |       7 |  38.9
        D:4 |       6 |       0 |   0.0 |       2 |       0 |   0.0
            +---------+---------+-------+---------+---------+-------

Vault maps used:
D:1:      dpeg_arrival_central, lemuel_another_geyser
D:2:      cheibrodos_greedy_goblins
D:3:      old_standard_altar, minmay_vboxes
D:4:      first_ration, uniq_menkaure, uniq_pikel

Table legend:
 A = Turns spent in this place as a percentage of turns spent in the entire game.
 B = Non-inter-level travel turns spent in this place as a percentage of non-inter-level travel turns spent in the entire game.
 C = Inter-level travel turns spent in this place as a percentage of turns spent in this place.
 D = Turns resting spent in this place as a percentage of non-inter-level travel turns spent in this place.
 E = Turns spent auto-exploring this place as a percentage of non-inter-level travel turns spent in this place.
 F = Non-inter-level travel turns spent in this place divided by the number of levels of this place that you've seen.
                   A       B       C       D       E      F
               +-------+-------+-------+-------+-------+----------------------
         Total | 100.0 | 100.0 |  10.3 |   9.0 |  65.3 | 704.5
       Dungeon | 100.0 | 100.0 |  10.3 |   9.0 |  65.3 | 704.5
               +-------+-------+-------+-------+-------+----------------------

Table legend:
 A = Kills in this place as a percentage of kills in entire the game.
 B = Kills by you in this place as a percentage of kills by you in the entire game.
 C = Kills by friends in this place as a percentage of kills by friends in the entire game.
 D = Other kills in this place as a percentage of other kills in the entire game.
 E = Experience gained in this place as a percentage of experience gained in the entire game.
 F = Experience gained in this place divided by the number of levels of this place that you have seen.
                   A       B       C       D       E      F
               +-------+-------+-------+-------+-------+----------------------
         Total | 100.0 | 100.0 |   N/A |   N/A | 100.0 |  65.2
       Dungeon | 100.0 | 100.0 |   N/A |   N/A | 100.0 |  65.2
               +-------+-------+-------+-------+-------+----------------------
